[ AOE2 MATCH · #460696983 ]
UnrankedPoles vs Hindustanis
[ REPLAY ANALYSIS · EXTRACTED FROM THE RECORDED GAME ]
Feudal
9:22
Castle
18:58
Imperial
30:53
| APM avg | 41.3 |
| APM peak | 71 |
| eAPM avg | 16.6 |
| Villagers / military | 100 / 146 |
Focus
⚔️ 37.2% · 🌾 62.8%
Knight ×118 · Scout Cavalry ×23 · Trebuchet (Packed) ×3 · Monk ×2
Feudal
8:59
Castle
17:07
Imperial
28:58
| APM avg | 49.2 |
| APM peak | 92 |
| eAPM avg | 32.7 |
| Villagers / military | 151 / 93 |
Focus
⚔️ 43.4% · 🌾 56.6%
Hand Cannoneer ×79 · Trade Cart ×10 · Bombard Cannon ×10 · Monk ×2 · Camel Scout ×2
Feudal
9:15
Castle
22:36
Imperial
—
| APM avg | 25.6 |
| APM peak | 51 |
| eAPM avg | 19.1 |
| Villagers / military | 69 / 65 |
Focus
⚔️ 44.6% · 🌾 55.4%
Chu Ko Nu ×53 · Battering Ram ×8 · Petard ×2 · Spearman ×2
Feudal
9:17
Castle
18:47
Imperial
34:16
| APM avg | 51.5 |
| APM peak | 84 |
| eAPM avg | 23.7 |
| Villagers / military | 160 / 101 |
Focus
⚔️ 24.1% · 🌾 75.9%
Tarkan ×63 · Knight ×34 · Trade Cart ×4 · Scout Cavalry ×3 · Mangonel ×1
Feudal
9:17
Castle
17:02
Imperial
30:50
| APM avg | 39.4 |
| APM peak | 85 |
| eAPM avg | 21.7 |
| Villagers / military | 197 / 40 |
Focus
⚔️ 33.6% · 🌾 66.4%
Spearman ×17 · Trebuchet (Packed) ×9 · Cataphract ×8 · Archer ×4 · Mangonel ×2
Feudal
9:39
Castle
21:05
Imperial
35:55
| APM avg | 36.9 |
| APM peak | 97 |
| eAPM avg | 15.6 |
| Villagers / military | 129 / 62 |
Focus
⚔️ 23.2% · 🌾 76.8%
Knight ×54 · Scout Cavalry ×6 · Konnik ×2
Feudal
10:02
Castle
14:57
Imperial
35:06
| APM avg | 44.2 |
| APM peak | 87 |
| eAPM avg | 26.6 |
| Villagers / military | 199 / 40 |
Focus
⚔️ 30.4% · 🌾 69.6%
Monaspa ×34 · Mangonel ×4 · Monk ×2
Feudal
10:31
Castle
14:03
Imperial
—
| APM avg | 33.5 |
| APM peak | 68 |
| eAPM avg | 22.3 |
| Villagers / military | 158 / 149 |
Focus
⚔️ 29.2% · 🌾 70.8%
Fire Lancer ×131 · Battering Ram ×12 · Spearman ×5 · War Wagon ×1
Match map
Initial resources + every placement click. Lines = walls · curves = elevation contours. ◆ gold · ⬟ stone · ● berries · ✦ relic · ◌ wall gap
Your base· ✓ Closed at 18:58 · 66t walls · 1 gate(s)
[o.p.]Oliver_Khan's base· ✓ Closed at 17:07 · 50t walls · 1 gate(s)
Vicky R's base· ✓ Closed at 22:36 · 146t walls · 3 gate(s)
[o.p.]Rage_Boy's base· ✓ Closed at 18:47 · 0t walls · no gate
maki's base· ✓ Closed at 17:02 · 28t walls · no gate
chrizbee's base· ✓ Closed at 21:05 · 9t walls · 1 gate(s)
Rangerontour's base· ✓ Closed at 14:57 · 33t walls · no gate
LM | MaisterNippon's base· ✓ Closed at 14:03 · 5t walls · no gate
Smoothed initial terrain · ◌ = detected wall gap · hover for details
Inputs per minute
— Buzzplash - - [o.p.]Oliver_Khan
Build order — Buzzplash
First 150 of 310 actions detected
| 0:01 | Create | Villager (Male) ×4 |
| 0:02 | Build | House |
| 0:03 | Build | House |
| 1:29 | Create | Villager (Male) |
| 1:47 | Build | Lumber Camp |
| 2:03 | Create | Villager (Male) |
| 2:21 | Create | Villager (Male) |
| 2:49 | Create | Villager (Male) |
| 3:01 | Build | Palisade Wall |
| 3:05 | Create | Villager (Male) |
| 3:05 | Create | Villager (Male) |
| 3:23 | Create | Villager (Male) |
| 3:30 | Build | House |
| 3:40 | Create | Villager (Male) |
| 4:14 | Create | Villager (Male) |
| 4:38 | Create | Villager (Male) |
| 4:40 | Build | Palisade Wall |
| 4:44 | Create | Villager (Male) |
| 5:24 | Create | Villager (Male) |
| 5:24 | Create | Villager (Male) |
| 5:35 | Build | House |
| 5:53 | Build | Palisade Wall |
| 6:22 | Research | Loom |
| 6:39 | Build | Mill |
| 6:47 | Create | Villager (Male) |
| 6:54 | Build | Palisade Wall |
| 7:12 | Research | Feudal Age |
| 7:44 | Build | Palisade Wall |
| 8:38 | Create | Villager (Male) |
| 8:38 | Create | Villager (Male) |
| 8:49 | Build | Barracks |
| 9:22 | Age | Feudal Age |
| 9:48 | Build | Stable |
| 10:05 | Create | Villager (Male) |
| 10:27 | Create | Scout Cavalry |
| 10:27 | Create | Scout Cavalry |
| 10:34 | Build | Gate |
| 10:38 | Build | Stone Wall |
| 10:41 | Create | Villager (Male) |
| 10:45 | Research | Double-Bit Axe |
| 10:58 | Build | House |
| 10:59 | Create | Villager (Male) |
| 11:00 | Create | Villager (Male) |
| 11:07 | Build | Farm |
| 11:16 | Create | Villager (Male) |
| 11:21 | Research | Horse Collar |
| 11:25 | Create | Scout Cavalry |
| 11:32 | Build | House |
| 11:40 | Create | Villager (Male) |
| 11:49 | Build | Stone Wall |
| 11:52 | Build | Stone Wall |
| 11:53 | Build | Stone Wall |
| 11:55 | Create | Villager (Male) |
| 11:59 | Create | Scout Cavalry |
| 12:20 | Create | Scout Cavalry |
| 12:27 | Create | Villager (Male) |
| 12:35 | Build | Farm |
| 12:36 | Build | Farm |
| 12:37 | Build | Farm |
| 12:51 | Build | House |
| 12:51 | Build | House |
| 13:21 | Create | Villager (Male) |
| 13:32 | Build | Stone Wall |
| 13:51 | Create | Villager (Male) |
| 13:58 | Build | Farm |
| 13:59 | Build | Farm |
| 14:05 | Create | Villager (Male) |
| 14:10 | Build | Mining Camp |
| 14:29 | Create | Villager (Male) |
| 14:49 | Build | Market |
| 15:05 | Build | Farm |
| 15:06 | Build | Mill |
| 15:09 | Create | Villager (Male) |
| 15:34 | Create | Villager (Male) |
| 16:18 | Research | Castle Age |
| 16:44 | Build | Mining Camp |
| 16:47 | Build | Farm |
| 16:49 | Build | Farm |
| 16:51 | Create | Villager (Male) |
| 17:25 | Research | Bloodlines |
| 18:39 | Build | Farm |
| 18:39 | Build | Farm |
| 18:58 | Age | Castle Age |
| 19:00 | Build | Town Center |
| 19:21 | Build | Town Center |
| 19:38 | Research | Husbandry |
| 19:43 | Create | Scout Cavalry |
| 19:47 | Research | Heavy Plow |
| 19:49 | Research | Bow Saw |
| 19:54 | Build | Farm |
| 20:02 | Build | Farm |
| 20:03 | Create | Villager (Male) |
| 20:07 | Build | Farm |
| 20:18 | Build | Farm |
| 20:35 | Create | Scout Cavalry |
| 20:37 | Create | Villager (Male) |
| 20:39 | Create | Villager (Male) |
| 20:40 | Research | Wheelbarrow |
| 20:45 | Build | Farm |
| 20:46 | Create | Villager (Male) |
| 20:55 | Create | Villager (Male) |
| 21:07 | Create | Villager (Male) |
| 21:08 | Create | Villager (Male) |
| 21:26 | Research | Light Cavalry (upgrade) |
| 21:26 | Create | Scout Cavalry |
| 21:28 | Create | Villager (Male) |
| 21:45 | Create | Villager (Male) |
| 21:47 | Create | Villager (Male) |
| 21:57 | Build | Mill |
| 22:03 | Create | Villager (Male) |
| 22:03 | Create | Villager (Male) |
| 22:08 | Build | Mill |
| 22:08 | Build | Farm |
| 22:09 | Build | Farm |
| 22:09 | Build | Farm |
| 22:09 | Build | Farm |
| 22:11 | Create | Villager (Male) |
| 22:26 | Create | Villager (Male) |
| 22:44 | Create | Villager (Male) |
| 22:45 | Create | Villager (Male) |
| 23:03 | Create | Villager (Male) |
| 23:03 | Create | Villager (Male) |
| 23:09 | Create | Villager (Male) |
| 23:14 | Build | Farm |
| 23:14 | Build | Farm |
| 23:15 | Build | Farm |
| 23:21 | Create | Villager (Male) |
| 23:24 | Create | Villager (Male) |
| 23:24 | Create | Villager (Male) |
| 23:28 | Build | House |
| 23:28 | Build | House |
| 23:28 | Build | House |
| 23:29 | Build | House |
| 23:29 | Build | House |
| 23:29 | Build | House |
| 23:31 | Build | House |
| 23:31 | Build | House |
| 23:31 | Build | House |
| 23:31 | Build | House |
| 23:32 | Build | House |
| 23:33 | Create | Villager (Male) |
| 23:36 | Build | Monastery |
| 23:40 | Create | Villager (Male) |
| 23:41 | Create | Villager (Male) |
| 23:42 | Create | Scout Cavalry |
| 23:42 | Create | Scout Cavalry |
| 23:58 | Create | Villager (Male) |
| 23:59 | Create | Villager (Male) |
| 24:02 | Create | Scout Cavalry |
| 24:14 | Create | Scout Cavalry |
Build order — [o.p.]Oliver_Khan
First 150 of 388 actions detected
| 0:01 | Create | Villager (Male) ×4 |
| 0:02 | Build | House |
| 0:04 | Build | House |
| 1:09 | Create | Villager (Male) |
| 1:09 | Create | Villager (Male) |
| 1:39 | Create | Villager (Male) |
| 1:39 | Create | Villager (Male) |
| 2:05 | Create | Villager (Male) |
| 2:05 | Create | Villager (Male) |
| 2:35 | Create | Villager (Male) |
| 2:42 | Build | Lumber Camp |
| 2:49 | Create | Villager (Male) |
| 3:46 | Create | Villager (Male) |
| 3:58 | Build | House |
| 4:04 | Create | Villager (Male) |
| 4:04 | Create | Villager (Male) |
| 4:30 | Create | Villager (Male) |
| 4:56 | Build | Mill |
| 5:34 | Create | Villager (Male) |
| 5:55 | Create | Villager (Male) |
| 6:18 | Research | Loom |
| 6:18 | Research | Loom |
| 6:33 | Build | Mining Camp |
| 6:44 | Research | Feudal Age |
| 7:01 | Build | House |
| 8:59 | Age | Feudal Age |
| 9:02 | Build | Stone Wall |
| 9:03 | Create | Villager (Male) |
| 9:07 | Build | Stone Wall |
| 9:09 | Research | Double-Bit Axe |
| 9:09 | Research | Double-Bit Axe |
| 9:10 | Create | Villager (Male) |
| 9:14 | Build | Stone Wall |
| 9:20 | Create | Villager (Male) |
| 9:26 | Build | Mining Camp |
| 9:52 | Build | Gate |
| 10:10 | Create | Villager (Male) |
| 10:27 | Build | Stone Wall |
| 10:35 | Create | Villager (Male) |
| 10:55 | Create | Villager (Male) |
| 11:21 | Create | Villager (Male) |
| 11:27 | Build | Market |
| 11:30 | Build | House |
| 11:42 | Build | House |
| 11:57 | Create | Villager (Male) |
| 12:18 | Create | Villager (Male) |
| 12:51 | Create | Villager (Male) |
| 12:54 | Build | Blacksmith |
| 12:56 | Build | House |
| 13:26 | Create | Villager (Male) |
| 14:02 | Create | Villager (Male) |
| 14:27 | Research | Castle Age |
| 15:07 | Research | Horse Collar |
| 15:07 | Research | Horse Collar |
| 15:19 | Build | Farm |
| 15:20 | Build | Farm |
| 15:22 | Build | Farm |
| 15:23 | Build | Farm |
| 15:24 | Build | Farm |
| 15:26 | Build | Farm |
| 15:27 | Build | Farm |
| 15:35 | Build | Farm |
| 15:38 | Build | Farm |
| 17:01 | Create | Villager (Male) |
| 17:07 | Age | Castle Age |
| 17:10 | Create | Villager (Male) |
| 17:14 | Build | Town Center |
| 17:19 | Build | Town Center |
| 17:43 | Research | Bow Saw |
| 17:43 | Research | Bow Saw |
| 17:53 | Create | Villager (Male) |
| 18:14 | Research | Heavy Plow |
| 18:14 | Research | Heavy Plow |
| 18:14 | Research | Heavy Plow |
| 18:18 | Create | Villager (Male) |
| 18:26 | Create | Villager (Male) |
| 18:36 | Create | Villager (Male) |
| 18:41 | Build | Farm |
| 18:42 | Build | Farm |
| 18:46 | Create | Villager (Male) |
| 18:49 | Create | Villager (Male) |
| 18:52 | Create | Villager (Male) |
| 18:59 | Create | Villager (Male) |
| 18:59 | Create | Villager (Male) |
| 18:59 | Create | Villager (Male) |
| 19:03 | Build | Farm |
| 19:07 | Build | House |
| 19:14 | Build | Farm |
| 19:20 | Build | Farm |
| 19:24 | Create | Villager (Male) |
| 19:24 | Create | Villager (Male) |
| 19:29 | Build | Farm |
| 19:37 | Build | Farm |
| 19:42 | Build | Farm |
| 19:44 | Create | Villager (Male) |
| 19:44 | Create | Villager (Male) |
| 19:51 | Create | Villager (Male) |
| 19:53 | Build | Farm |
| 19:59 | Build | Farm |
| 20:00 | Create | Villager (Male) |
| 20:04 | Create | Villager (Male) |
| 20:08 | Create | Villager (Male) |
| 20:11 | Build | Farm |
| 20:14 | Build | Farm |
| 20:18 | Create | Villager (Male) |
| 20:19 | Create | Villager (Male) |
| 20:29 | Build | Lumber Camp |
| 20:39 | Create | Villager (Male) |
| 20:39 | Create | Villager (Male) |
| 20:39 | Create | Villager (Male) |
| 20:47 | Build | Farm |
| 20:50 | Build | House |
| 20:54 | Research | Wheelbarrow |
| 20:54 | Research | Wheelbarrow |
| 20:57 | Build | Farm |
| 21:00 | Build | Farm |
| 21:02 | Create | Villager (Male) |
| 21:02 | Create | Villager (Male) |
| 21:20 | Create | Villager (Male) |
| 21:20 | Create | Villager (Male) |
| 21:20 | Create | Villager (Male) |
| 21:29 | Build | Town Center |
| 21:36 | Research | Gold Mining |
| 21:36 | Research | Gold Mining |
| 21:38 | Create | Villager (Male) |
| 21:38 | Create | Villager (Male) |
| 21:38 | Create | Villager (Male) |
| 21:43 | Build | House |
| 21:44 | Build | House |
| 21:50 | Build | Farm |
| 21:55 | Create | Villager (Male) ×3 |
| 22:03 | Build | Farm |
| 22:06 | Build | Farm |
| 22:09 | Build | Farm |
| 22:10 | Create | Villager (Male) |
| 22:10 | Create | Villager (Male) |
| 22:11 | Create | Villager (Male) |
| 22:11 | Create | Villager (Male) |
| 22:39 | Build | House |
| 22:40 | Research | Hand Cart |
| 22:40 | Research | Hand Cart |
| 22:45 | Build | Gate |
| 22:47 | Create | Villager (Male) |
| 22:47 | Create | Villager (Male) |
| 23:05 | Create | Villager (Male) |
| 23:05 | Create | Villager (Male) |
| 23:09 | Build | House |
| 23:10 | Build | House |
| 23:11 | Create | Villager (Male) |
| 23:15 | Create | Villager (Male) |
Build order — Vicky R
First 150 of 252 actions detected
| 0:02 | Research | Loom |
| 0:59 | Create | Villager (Male) |
| 1:27 | Create | Villager (Male) |
| 1:53 | Create | Villager (Male) |
| 2:13 | Create | Villager (Male) |
| 2:16 | Build | Lumber Camp |
| 2:35 | Create | Villager (Male) |
| 2:57 | Create | Villager (Male) |
| 3:22 | Build | House |
| 3:29 | Create | Villager (Male) |
| 3:49 | Create | Villager (Male) |
| 4:04 | Create | Villager (Male) |
| 4:17 | Create | Villager (Male) |
| 4:23 | Build | Mill |
| 4:49 | Create | Villager (Male) |
| 5:10 | Create | Villager (Male) |
| 5:13 | Build | House |
| 5:22 | Build | House |
| 6:01 | Create | Villager (Male) |
| 6:24 | Create | Villager (Male) |
| 7:05 | Research | Feudal Age |
| 7:49 | Build | Barracks |
| 7:55 | Build | Palisade Wall |
| 9:00 | Build | Mining Camp |
| 9:11 | Build | Palisade Wall |
| 9:15 | Age | Feudal Age |
| 9:17 | Create | Villager (Male) |
| 9:29 | Build | Palisade Wall |
| 9:39 | Build | Palisade Wall |
| 9:40 | Build | Palisade Wall |
| 9:52 | Create | Villager (Male) |
| 9:53 | Create | Villager (Male) |
| 10:00 | Build | Palisade Gate |
| 10:27 | Build | Palisade Wall |
| 10:37 | Build | Palisade Wall |
| 10:41 | Build | Palisade Gate |
| 10:43 | Build | Palisade Wall |
| 10:47 | Create | Villager (Male) |
| 10:50 | Create | Villager (Male) |
| 10:57 | Create | Villager (Male) |
| 10:59 | Build | House |
| 11:29 | Build | House |
| 11:36 | Build | Archery Range |
| 11:40 | Build | Palisade Wall |
| 11:41 | Build | Palisade Wall |
| 11:42 | Build | Palisade Wall |
| 11:46 | Build | Palisade Wall |
| 12:00 | Create | Villager (Male) |
| 12:03 | Build | Palisade Wall |
| 12:13 | Build | Palisade Wall |
| 12:18 | Build | Palisade Wall |
| 12:19 | Create | Villager (Male) |
| 12:25 | Build | House |
| 12:27 | Build | House |
| 12:32 | Build | Palisade Wall |
| 12:38 | Research | Double-Bit Axe |
| 12:52 | Build | Stone Wall |
| 13:10 | Build | Stone Wall |
| 13:15 | Build | Stone Wall |
| 13:17 | Build | Stone Wall |
| 13:19 | Create | Villager (Male) |
| 13:29 | Build | Gate |
| 13:31 | Build | Stone Wall |
| 13:49 | Create | Villager (Male) |
| 13:53 | Build | Mining Camp |
| 14:16 | Build | Stone Wall |
| 14:25 | Build | Stone Wall |
| 14:28 | Create | Villager (Male) |
| 14:34 | Research | Horse Collar |
| 14:54 | Build | Stone Wall |
| 15:01 | Create | Villager (Male) |
| 15:08 | Build | Farm |
| 15:09 | Build | Farm |
| 15:12 | Build | Farm |
| 15:12 | Build | Farm |
| 15:13 | Build | Farm |
| 15:20 | Build | Lumber Camp |
| 15:27 | Build | Stone Wall |
| 15:29 | Build | Stone Wall |
| 15:31 | Create | Villager (Male) |
| 15:43 | Create | Villager (Male) |
| 15:55 | Build | Stone Wall |
| 16:02 | Build | Farm |
| 16:05 | Build | Farm |
| 16:10 | Build | Market |
| 16:16 | Build | Farm |
| 16:18 | Create | Villager (Male) |
| 16:26 | Build | Stone Wall |
| 16:34 | Create | Villager (Male) |
| 16:50 | Build | Stone Wall |
| 16:52 | Build | Stone Wall |
| 16:58 | Build | Farm |
| 16:59 | Create | Villager (Male) |
| 17:27 | Build | Farm |
| 17:33 | Build | Lumber Camp |
| 17:37 | Create | Villager (Male) |
| 17:45 | Build | Blacksmith |
| 18:01 | Research | Wheelbarrow |
| 18:49 | Build | Stone Wall |
| 19:10 | Build | Farm |
| 19:37 | Build | Farm |
| 19:56 | Research | Castle Age |
| 20:43 | Research | Gold Mining |
| 20:46 | Build | Barracks |
| 20:59 | Research | Stone Mining |
| 21:25 | Research | Fletching |
| 21:40 | Create | Villager (Male) |
| 21:51 | Create | Spearman |
| 21:51 | Create | Spearman |
| 22:23 | Research | Padded Archer Armor |
| 22:36 | Age | Castle Age |
| 22:37 | Create | Villager (Male) |
| 23:11 | Build | Castle |
| 23:13 | Create | Villager (Male) |
| 23:22 | Create | Villager (Male) |
| 23:26 | Build | University |
| 23:55 | Create | Villager (Male) |
| 24:22 | Build | Siege Workshop |
| 24:23 | Create | Villager (Male) |
| 24:27 | Build | House |
| 24:33 | Research | Bow Saw |
| 24:57 | Build | House |
| 25:11 | Create | Villager (Male) |
| 25:27 | Research | Ballistics |
| 25:31 | Create | Petard |
| 25:32 | Create | Chu Ko Nu |
| 25:38 | Create | Battering Ram |
| 25:38 | Create | Battering Ram |
| 25:40 | Create | Chu Ko Nu |
| 25:40 | Create | Chu Ko Nu |
| 25:43 | Create | Villager (Male) |
| 25:54 | Build | Lumber Camp |
| 25:56 | Create | Villager (Male) |
| 26:08 | Create | Villager (Male) |
| 26:17 | Build | Lumber Camp |
| 26:23 | Create | Chu Ko Nu |
| 26:39 | Create | Chu Ko Nu |
| 26:39 | Create | Petard |
| 26:40 | Create | Villager (Male) |
| 26:54 | Build | Lumber Camp |
| 26:56 | Create | Villager (Male) |
| 27:15 | Create | Chu Ko Nu |
| 27:15 | Create | Chu Ko Nu |
| 27:26 | Research | Bodkin Arrow |
| 27:29 | Create | Chu Ko Nu |
| 27:33 | Create | Chu Ko Nu |
| 27:34 | Create | Chu Ko Nu |
| 27:57 | Create | Chu Ko Nu |
| 27:59 | Create | Villager (Male) |
| 28:04 | Create | Chu Ko Nu |
Build order — [o.p.]Rage_Boy
First 150 of 330 actions detected
| 0:01 | Create | Villager (Male) |
| 0:05 | Create | Villager (Male) |
| 0:05 | Create | Villager (Male) |
| 0:05 | Create | Villager (Male) |
| 1:25 | Create | Villager (Male) |
| 1:48 | Create | Villager (Male) |
| 2:14 | Build | Lumber Camp |
| 2:22 | Create | Villager (Male) |
| 2:24 | Create | Villager (Male) |
| 2:46 | Create | Villager (Male) |
| 3:19 | Create | Villager (Male) |
| 3:37 | Create | Villager (Male) |
| 4:08 | Create | Villager (Male) |
| 4:44 | Build | Mill |
| 4:55 | Create | Villager (Male) |
| 5:19 | Create | Villager (Male) |
| 5:47 | Create | Villager (Male) |
| 6:02 | Create | Villager (Male) |
| 6:35 | Create | Villager (Male) |
| 7:07 | Research | Feudal Age |
| 7:59 | Build | Barracks |
| 8:05 | Create | Villager (Male) |
| 9:01 | Create | Villager (Male) |
| 9:17 | Age | Feudal Age |
| 9:18 | Build | Stable |
| 9:25 | Research | Double-Bit Axe |
| 9:33 | Research | Horse Collar |
| 9:54 | Create | Villager (Male) |
| 10:02 | Create | Scout Cavalry |
| 10:08 | Create | Villager (Male) |
| 10:10 | Build | Farm |
| 10:21 | Create | Scout Cavalry |
| 10:27 | Create | Villager (Male) |
| 10:29 | Build | Farm |
| 10:40 | Build | Farm |
| 10:51 | Create | Scout Cavalry |
| 10:53 | Create | Villager (Male) |
| 11:21 | Create | Villager (Male) |
| 11:23 | Build | Farm |
| 11:25 | Build | Farm |
| 11:30 | Create | Villager (Male) |
| 11:32 | Build | Farm |
| 11:36 | Create | Villager (Male) |
| 11:51 | Create | Villager (Male) |
| 12:01 | Create | Villager (Male) |
| 12:06 | Build | Farm |
| 12:06 | Build | Farm |
| 12:17 | Create | Villager (Male) |
| 12:21 | Build | Farm |
| 12:24 | Create | Villager (Male) |
| 12:47 | Build | Farm |
| 12:53 | Create | Villager (Male) |
| 13:03 | Create | Villager (Male) |
| 13:05 | Build | Farm |
| 13:27 | Create | Villager (Male) |
| 13:35 | Build | Farm |
| 13:36 | Build | Farm |
| 14:01 | Create | Villager (Male) |
| 14:18 | Create | Villager (Male) |
| 14:24 | Build | Mining Camp |
| 14:44 | Create | Villager (Male) |
| 14:48 | Build | Lumber Camp |
| 15:35 | Build | Blacksmith |
| 16:04 | Create | Villager (Male) |
| 16:07 | Research | Castle Age |
| 16:07 | Research | Castle Age |
| 17:17 | Create | Villager (Male) |
| 17:24 | Research | Gold Mining |
| 18:05 | Create | Villager (Male) |
| 18:43 | Create | Villager (Male) |
| 18:47 | Age | Castle Age |
| 18:50 | Build | Town Center |
| 18:52 | Research | Bow Saw |
| 18:55 | Create | Villager (Male) |
| 18:58 | Build | Town Center |
| 19:13 | Create | Villager (Male) |
| 19:21 | Build | Market |
| 19:36 | Research | Heavy Plow |
| 19:48 | Build | Lumber Camp |
| 19:55 | Create | Villager (Male) |
| 19:58 | Build | Town Center |
| 19:59 | Create | Villager (Male) |
| 20:01 | Create | Villager (Male) |
| 20:01 | Create | Villager (Male) |
| 20:10 | Create | Villager (Male) |
| 20:10 | Create | Villager (Male) |
| 20:10 | Create | Villager (Male) |
| 20:11 | Create | Villager (Male) |
| 20:16 | Build | Farm |
| 20:28 | Create | Villager (Male) |
| 20:32 | Build | Farm |
| 20:32 | Create | Villager (Male) |
| 20:34 | Build | Farm |
| 20:36 | Build | Farm |
| 20:56 | Build | Mining Camp |
| 21:02 | Create | Villager (Male) |
| 21:03 | Create | Villager (Male) |
| 21:03 | Create | Villager (Male) |
| 21:05 | Build | Farm |
| 21:07 | Create | Villager (Male) |
| 21:08 | Build | Farm |
| 21:16 | Research | Wheelbarrow |
| 21:19 | Create | Villager (Male) |
| 21:21 | Create | Villager (Male) |
| 21:23 | Create | Villager (Male) |
| 21:24 | Create | Villager (Male) |
| 21:26 | Create | Villager (Male) |
| 21:27 | Create | Villager (Male) |
| 21:29 | Build | Farm |
| 21:32 | Build | Farm |
| 21:32 | Create | Villager (Male) |
| 21:33 | Build | Farm |
| 21:39 | Build | Farm |
| 21:55 | Build | Farm |
| 21:55 | Create | Villager (Male) |
| 21:56 | Create | Villager (Male) |
| 22:01 | Build | Farm |
| 22:03 | Build | Farm |
| 22:06 | Build | Farm |
| 22:07 | Create | Villager (Male) |
| 22:09 | Create | Villager (Male) |
| 22:13 | Build | Farm |
| 22:17 | Build | Farm |
| 22:30 | Create | Villager (Male) |
| 22:32 | Create | Villager (Male) |
| 22:32 | Create | Villager (Male) |
| 22:34 | Build | Farm |
| 22:47 | Research | Stone Mining |
| 23:00 | Research | Loom |
| 23:14 | Research | Gold Shaft Mining |
| 23:16 | Create | Villager (Male) |
| 23:23 | Create | Villager (Male) |
| 23:25 | Build | Mining Camp |
| 23:31 | Build | Farm |
| 23:33 | Build | Farm |
| 23:38 | Create | Villager (Male) |
| 23:40 | Create | Villager (Male) |
| 23:42 | Create | Villager (Male) |
| 23:43 | Create | Villager (Male) |
| 23:50 | Create | Villager (Male) |
| 23:52 | Create | Villager (Male) |
| 23:55 | Create | Villager (Male) |
| 23:56 | Create | Villager (Male) |
| 24:00 | Build | Siege Workshop |
| 24:13 | Create | Villager (Male) |
| 24:14 | Create | Villager (Male) |
| 24:28 | Create | Villager (Male) |
| 24:32 | Create | Villager (Male) |
| 24:37 | Build | Castle |
| 24:43 | Build | Barracks |
Build order — maki
First 150 of 300 actions detected
| 0:01 | Create | Villager (Male) |
| 0:01 | Create | Villager (Male) |
| 0:01 | Create | Villager (Male) |
| 0:03 | Build | House |
| 0:05 | Build | House |
| 0:31 | Create | Villager (Male) |
| 1:31 | Create | Villager (Male) |
| 2:00 | Create | Villager (Male) |
| 2:08 | Build | Lumber Camp |
| 2:21 | Create | Villager (Male) |
| 2:43 | Create | Villager (Male) |
| 3:07 | Create | Villager (Male) |
| 3:41 | Create | Villager (Male) |
| 4:10 | Build | House |
| 4:13 | Build | House |
| 4:25 | Create | Villager (Male) |
| 4:25 | Create | Villager (Male) |
| 4:25 | Create | Villager (Male) |
| 4:45 | Build | Mill |
| 5:09 | Create | Villager (Male) |
| 5:31 | Research | Loom |
| 5:52 | Create | Villager (Male) |
| 6:11 | Build | House |
| 6:23 | Create | Villager (Male) |
| 6:28 | Research | Loom |
| 7:07 | Research | Feudal Age |
| 7:07 | Research | Feudal Age |
| 8:53 | Create | Villager (Male) |
| 8:53 | Create | Villager (Male) |
| 9:17 | Age | Feudal Age |
| 9:26 | Build | Stone Wall |
| 9:32 | Create | Villager (Male) |
| 9:32 | Create | Villager (Male) |
| 9:36 | Research | Double-Bit Axe |
| 9:48 | Build | Market |
| 10:03 | Build | Mining Camp |
| 10:23 | Create | Villager (Male) |
| 10:28 | Build | Farm |
| 10:32 | Build | Farm |
| 10:35 | Build | Farm |
| 10:44 | Create | Villager (Male) |
| 10:58 | Build | House |
| 10:59 | Create | Villager (Male) |
| 11:22 | Create | Villager (Male) |
| 11:49 | Create | Villager (Male) |
| 11:59 | Build | Farm |
| 12:00 | Build | Farm |
| 12:20 | Create | Villager (Male) |
| 12:22 | Build | Farm |
| 12:39 | Create | Villager (Male) |
| 12:42 | Build | Mining Camp |
| 12:49 | Build | Blacksmith |
| 12:53 | Build | Lumber Camp |
| 13:15 | Create | Villager (Male) |
| 13:29 | Create | Villager (Male) |
| 13:33 | Build | Farm |
| 13:37 | Build | House |
| 14:15 | Research | Castle Age |
| 14:41 | Research | Horse Collar |
| 16:55 | Create | Villager (Male) |
| 16:57 | Create | Villager (Male) |
| 17:02 | Age | Castle Age |
| 17:13 | Build | Town Center |
| 17:25 | Build | Town Center |
| 17:30 | Research | Bow Saw |
| 17:31 | Create | Villager (Male) |
| 17:31 | Create | Villager (Male) |
| 17:42 | Build | Farm |
| 17:44 | Build | Farm |
| 17:47 | Research | Heavy Plow |
| 18:22 | Create | Villager (Male) |
| 18:22 | Create | Villager (Male) |
| 18:26 | Create | Villager (Male) |
| 18:27 | Create | Villager (Male) |
| 18:29 | Build | House |
| 18:29 | Build | House |
| 18:30 | Build | House |
| 18:31 | Build | House |
| 18:33 | Create | Villager (Male) ×5 |
| 19:00 | Build | Farm |
| 19:02 | Build | Farm |
| 19:04 | Build | Farm |
| 19:05 | Build | Farm |
| 19:11 | Build | Farm |
| 19:14 | Create | Villager (Male) |
| 19:14 | Create | Villager (Male) |
| 19:14 | Create | Villager (Male) |
| 19:25 | Create | Villager (Male) |
| 19:36 | Create | Villager (Male) |
| 19:36 | Create | Villager (Male) |
| 19:36 | Create | Villager (Male) |
| 19:37 | Create | Villager (Male) |
| 19:38 | Create | Villager (Male) |
| 19:38 | Create | Villager (Male) |
| 19:42 | Create | Villager (Male) ×3 |
| 19:45 | Build | Farm |
| 19:46 | Build | Farm |
| 19:56 | Build | Farm |
| 20:01 | Build | House |
| 20:02 | Build | House |
| 20:04 | Create | Villager (Male) ×3 |
| 20:18 | Build | Farm |
| 20:19 | Build | Farm |
| 20:24 | Create | Villager (Male) |
| 20:29 | Create | Villager (Male) |
| 20:53 | Create | Villager (Male) |
| 20:53 | Create | Villager (Male) ×2 |
| 20:58 | Build | Farm |
| 20:59 | Build | Farm |
| 21:07 | Build | Town Center |
| 21:19 | Create | Villager (Male) |
| 21:20 | Create | Villager (Male) ×2 |
| 21:20 | Create | Villager (Male) ×2 |
| 21:31 | Create | Villager (Male) |
| 21:33 | Build | Farm |
| 21:38 | Research | Wheelbarrow |
| 21:52 | Create | Villager (Male) |
| 22:11 | Create | Villager (Male) ×3 |
| 22:15 | Build | University |
| 22:17 | Build | Monastery |
| 22:32 | Create | Villager (Male) |
| 22:33 | Create | Villager (Male) |
| 22:33 | Create | Villager (Male) |
| 22:38 | Build | Farm |
| 22:38 | Build | Farm |
| 22:38 | Build | Farm |
| 22:38 | Build | Farm |
| 22:39 | Build | Farm |
| 22:39 | Build | Farm |
| 22:39 | Build | Farm |
| 22:40 | Build | Farm |
| 22:47 | Build | Barracks |
| 22:49 | Create | Villager (Male) ×2 |
| 22:49 | Create | Villager (Male) ×2 |
| 23:00 | Create | Villager (Male) |
| 23:03 | Build | Farm |
| 23:05 | Build | Farm |
| 23:09 | Build | Farm |
| 23:10 | Create | Villager (Male) |
| 23:11 | Create | Villager (Male) |
| 23:26 | Build | Mining Camp |
| 23:30 | Research | Stone Mining |
| 23:31 | Create | Villager (Male) |
| 23:34 | Create | Villager (Male) ×2 |
| 23:41 | Create | Villager (Male) |
| 23:41 | Create | Villager (Male) |
| 23:49 | Build | House |
| 23:50 | Build | House |
| 23:51 | Build | House |
| 23:52 | Build | House |
Build order — chrizbee
First 150 of 326 actions detected
| 0:01 | Create | Villager (Male) ×4 |
| 0:02 | Build | House |
| 0:03 | Build | House |
| 1:29 | Create | Villager (Male) |
| 1:29 | Create | Villager (Male) |
| 1:45 | Build | Lumber Camp |
| 1:58 | Create | Villager (Male) |
| 2:22 | Create | Villager (Male) |
| 2:22 | Create | Villager (Male) |
| 2:44 | Create | Villager (Male) |
| 2:44 | Create | Villager (Male) |
| 3:18 | Create | Villager (Male) ×2 |
| 3:57 | Build | House |
| 4:10 | Create | Villager (Male) ×2 |
| 4:50 | Create | Villager (Male) |
| 5:15 | Create | Villager (Male) |
| 5:48 | Create | Villager (Male) |
| 6:16 | Research | Loom |
| 6:51 | Create | Villager (Male) |
| 6:59 | Build | Mill |
| 7:16 | Build | House |
| 7:17 | Build | House |
| 7:29 | Research | Feudal Age |
| 7:42 | Build | Barracks |
| 8:28 | Create | Villager (Male) |
| 8:58 | Build | House |
| 9:26 | Build | Palisade Wall |
| 9:39 | Age | Feudal Age |
| 9:42 | Build | Stable |
| 10:01 | Create | Villager (Male) |
| 10:05 | Research | Double-Bit Axe |
| 10:06 | Research | Horse Collar |
| 10:27 | Build | House |
| 10:28 | Build | House |
| 10:31 | Create | Scout Cavalry ×4 |
| 10:34 | Create | Villager (Male) |
| 10:34 | Create | Villager (Male) |
| 10:57 | Create | Villager (Male) |
| 11:25 | Create | Villager (Male) |
| 11:38 | Build | Blacksmith |
| 11:40 | Create | Villager (Male) |
| 12:03 | Create | Villager (Male) |
| 12:31 | Create | Villager (Male) |
| 12:35 | Build | House |
| 12:35 | Build | House |
| 12:48 | Create | Scout Cavalry |
| 12:53 | Create | Villager (Male) |
| 13:06 | Create | Scout Cavalry |
| 13:17 | Create | Villager (Male) |
| 13:43 | Build | Palisade Gate |
| 13:53 | Build | Farm |
| 13:54 | Build | Farm |
| 13:55 | Create | Villager (Male) |
| 13:58 | Build | Farm |
| 13:58 | Build | Farm |
| 13:59 | Build | Farm |
| 14:05 | Create | Villager (Male) |
| 14:39 | Create | Villager (Male) |
| 14:48 | Build | Farm |
| 14:49 | Build | Farm |
| 14:51 | Build | Farm |
| 14:53 | Build | Farm |
| 15:01 | Create | Villager (Male) |
| 15:25 | Build | Lumber Camp |
| 15:27 | Create | Villager (Male) |
| 15:42 | Build | Mining Camp |
| 15:48 | Create | Villager (Male) |
| 16:03 | Build | Farm |
| 16:04 | Build | Farm |
| 16:16 | Create | Villager (Male) |
| 16:19 | Build | Farm |
| 16:21 | Build | Farm |
| 16:33 | Build | Farm |
| 16:36 | Create | Villager (Male) |
| 17:12 | Create | Villager (Male) |
| 17:24 | Build | Farm |
| 17:27 | Build | Farm |
| 17:47 | Build | Stone Wall |
| 17:48 | Build | Stone Wall |
| 17:49 | Build | Stone Wall |
| 17:50 | Build | Stone Wall |
| 17:52 | Create | Villager (Male) |
| 18:00 | Build | Market |
| 18:25 | Research | Castle Age |
| 18:25 | Research | Castle Age |
| 18:51 | Build | Farm |
| 20:17 | Build | Stable |
| 20:19 | Research | Scale Barding Armor |
| 20:19 | Research | Forging |
| 20:22 | Research | Bloodlines |
| 20:45 | Create | Villager (Male) |
| 21:05 | Age | Castle Age |
| 21:08 | Build | Town Center |
| 21:15 | Create | Villager (Male) |
| 21:16 | Create | Villager (Male) |
| 21:20 | Research | Chain Barding Armor |
| 21:30 | Build | Town Center |
| 21:32 | Create | Villager (Male) |
| 21:32 | Create | Villager (Male) |
| 21:35 | Build | Farm |
| 21:37 | Research | Heavy Plow |
| 21:37 | Research | Heavy Plow |
| 21:37 | Research | Bow Saw |
| 21:38 | Research | Bow Saw |
| 21:42 | Build | Farm |
| 21:43 | Build | Farm |
| 21:49 | Create | Knight |
| 22:12 | Create | Knight |
| 22:19 | Build | Farm |
| 22:21 | Build | Farm |
| 22:24 | Build | Farm |
| 22:26 | Build | Farm |
| 22:35 | Create | Villager (Male) |
| 22:49 | Create | Knight |
| 22:51 | Create | Villager (Male) |
| 22:55 | Build | House |
| 23:16 | Research | Husbandry |
| 23:19 | Create | Villager (Male) |
| 23:30 | Create | Knight |
| 23:31 | Create | Villager (Male) |
| 23:31 | Create | Villager (Male) |
| 23:32 | Create | Villager (Male) |
| 23:36 | Build | Farm |
| 23:36 | Build | Farm |
| 23:36 | Build | Farm |
| 23:37 | Build | Farm |
| 23:54 | Build | Farm |
| 23:59 | Create | Villager (Male) |
| 23:59 | Create | Villager (Male) |
| 23:59 | Create | Villager (Male) |
| 24:01 | Create | Knight |
| 24:02 | Create | Knight |
| 24:02 | Create | Knight |
| 24:20 | Build | House |
| 24:21 | Create | Villager (Male) |
| 24:21 | Create | Villager (Male) |
| 24:27 | Create | Knight |
| 24:33 | Create | Villager (Male) |
| 24:37 | Build | House |
| 24:42 | Build | Farm |
| 24:44 | Build | Farm |
| 24:47 | Create | Villager (Male) |
| 24:47 | Create | Villager (Male) |
| 24:50 | Create | Knight |
| 25:09 | Create | Knight |
| 25:09 | Create | Knight |
| 25:10 | Create | Villager (Male) |
| 25:17 | Build | Farm |
| 25:21 | Create | Knight |
| 25:23 | Create | Villager (Male) |
Build order — Rangerontour
First 150 of 455 actions detected
| 0:02 | Build | House |
| 0:03 | Build | House |
| 0:18 | Create | Villager (Male) |
| 0:18 | Create | Villager (Male) |
| 0:21 | Create | Villager (Male) |
| 0:21 | Create | Villager (Male) |
| 1:37 | Create | Villager (Male) |
| 1:37 | Create | Villager (Male) |
| 2:07 | Create | Villager (Male) |
| 2:46 | Create | Villager (Male) |
| 2:46 | Create | Villager (Male) |
| 3:10 | Build | Mule Cart |
| 3:17 | Create | Villager (Male) |
| 3:17 | Create | Villager (Male) |
| 3:39 | Create | Villager (Male) |
| 3:39 | Create | Villager (Male) |
| 4:14 | Create | Villager (Male) |
| 4:15 | Create | Villager (Male) |
| 4:19 | Build | House |
| 4:32 | Create | Villager (Male) |
| 4:52 | Create | Villager (Male) |
| 6:13 | Create | Villager (Male) |
| 6:23 | Research | Loom |
| 7:12 | Build | Mill |
| 7:12 | Create | Villager (Male) |
| 7:17 | Build | House |
| 7:52 | Research | Feudal Age |
| 7:52 | Research | Feudal Age |
| 8:39 | Create | Villager (Male) |
| 9:33 | Build | Mule Cart |
| 10:02 | Age | Feudal Age |
| 10:04 | Build | Stone Wall |
| 10:09 | Build | Stone Wall |
| 10:19 | Build | Market |
| 10:22 | Create | Villager (Male) |
| 10:54 | Build | Blacksmith |
| 11:18 | Create | Villager (Male) |
| 12:17 | Research | Castle Age |
| 13:15 | Build | House |
| 14:04 | Research | Double-Bit Axe |
| 14:05 | Research | Double-Bit Axe |
| 14:07 | Build | Farm |
| 14:08 | Build | Farm |
| 14:09 | Build | Farm |
| 14:57 | Age | Castle Age |
| 14:58 | Create | Villager (Male) |
| 15:00 | Create | Villager (Male) |
| 15:13 | Build | Town Center |
| 15:24 | Build | Town Center |
| 15:29 | Build | Town Center |
| 15:32 | Create | Villager (Male) |
| 15:54 | Build | House |
| 15:59 | Research | Horse Collar |
| 16:14 | Create | Villager (Male) |
| 16:30 | Build | Farm |
| 16:36 | Build | House |
| 16:44 | Build | House |
| 16:45 | Create | Villager (Male) |
| 16:45 | Create | Villager (Male) |
| 16:45 | Create | Villager (Male) |
| 16:52 | Build | Outpost |
| 16:53 | Build | Outpost |
| 16:54 | Build | Outpost |
| 16:55 | Build | Outpost |
| 16:56 | Build | Outpost |
| 16:57 | Build | Outpost |
| 17:12 | Build | Farm |
| 17:14 | Create | Villager (Male) |
| 17:14 | Create | Villager (Male) |
| 17:18 | Create | Villager (Male) |
| 17:18 | Create | Villager (Male) |
| 17:29 | Build | Farm |
| 17:40 | Build | Farm |
| 17:45 | Build | Farm |
| 17:49 | Build | Farm |
| 17:55 | Create | Villager (Male) |
| 17:55 | Create | Villager (Male) |
| 18:00 | Build | Farm |
| 18:01 | Create | Villager (Male) |
| 18:02 | Create | Villager (Male) |
| 18:05 | Build | Farm |
| 18:11 | Create | Villager (Male) |
| 18:11 | Create | Villager (Male) |
| 18:11 | Create | Villager (Male) |
| 18:16 | Build | Farm |
| 18:29 | Build | Outpost |
| 18:30 | Build | Outpost |
| 18:31 | Build | Outpost |
| 18:32 | Build | Outpost |
| 18:43 | Create | Villager (Male) |
| 18:43 | Create | Villager (Male) |
| 18:46 | Build | Farm |
| 18:55 | Build | Farm |
| 18:56 | Create | Villager (Male) |
| 18:56 | Create | Villager (Male) |
| 19:05 | Build | Farm |
| 19:13 | Create | Villager (Male) |
| 19:13 | Create | Villager (Male) |
| 19:15 | Build | Farm |
| 19:16 | Create | Villager (Male) |
| 19:17 | Create | Villager (Male) |
| 19:26 | Create | Villager (Male) |
| 19:26 | Create | Villager (Male) |
| 19:28 | Build | Farm |
| 19:36 | Create | Villager (Male) |
| 19:36 | Create | Villager (Male) |
| 19:41 | Create | Villager (Male) |
| 19:53 | Create | Villager (Male) |
| 19:53 | Create | Villager (Male) |
| 19:54 | Build | Farm |
| 19:56 | Build | Farm |
| 20:01 | Build | Farm |
| 20:04 | Create | Villager (Male) |
| 20:04 | Create | Villager (Male) |
| 20:17 | Create | Villager (Male) |
| 20:19 | Build | Farm |
| 20:19 | Build | Farm |
| 20:19 | Build | Farm |
| 20:19 | Build | Farm |
| 20:19 | Build | Farm |
| 20:24 | Build | House |
| 20:25 | Create | Villager (Male) |
| 20:25 | Create | Villager (Male) |
| 20:26 | Create | Villager (Male) |
| 20:29 | Build | Farm |
| 20:30 | Create | Villager (Male) |
| 20:30 | Create | Villager (Male) |
| 20:34 | Build | Farm |
| 20:44 | Create | Villager (Male) |
| 20:44 | Create | Villager (Male) |
| 20:44 | Create | Villager (Male) |
| 20:56 | Create | Villager (Male) |
| 20:56 | Create | Villager (Male) |
| 21:02 | Build | Farm |
| 21:18 | Create | Villager (Male) |
| 21:24 | Create | Villager (Male) |
| 21:25 | Research | Bow Saw |
| 21:41 | Create | Villager (Male) |
| 21:41 | Create | Villager (Male) |
| 21:47 | Build | Monastery |
| 21:52 | Build | Monastery |
| 21:53 | Create | Villager (Male) |
| 21:58 | Build | House |
| 22:06 | Research | Wheelbarrow |
| 22:06 | Research | Wheelbarrow |
| 22:12 | Create | Villager (Male) |
| 22:12 | Create | Villager (Male) |
| 22:12 | Create | Villager (Male) |
| 22:15 | Build | Farm |
| 22:18 | Build | House |
Build order — LM | MaisterNippon
First 150 of 373 actions detected
| 0:01 | Create | Villager (Male) |
| 0:01 | Create | Villager (Male) |
| 0:01 | Create | Villager (Male) |
| 0:03 | Build | House |
| 0:04 | Build | House |
| 0:07 | Create | Villager (Male) |
| 1:24 | Create | Villager (Male) |
| 1:48 | Create | Villager (Male) |
| 1:55 | Build | Lumber Camp |
| 2:11 | Create | Villager (Male) |
| 2:42 | Create | Villager (Male) |
| 3:14 | Create | Villager (Male) |
| 3:36 | Create | Villager (Male) |
| 3:55 | Build | House |
| 3:56 | Build | House |
| 4:05 | Create | Villager (Male) |
| 4:15 | Build | House |
| 4:30 | Create | Villager (Male) |
| 4:44 | Create | Villager (Male) |
| 5:12 | Build | Mill |
| 5:21 | Create | Villager (Male) |
| 5:47 | Create | Villager (Male) |
| 6:10 | Create | Villager (Male) |
| 6:24 | Build | House |
| 6:31 | Create | Villager (Male) |
| 6:55 | Create | Villager (Male) |
| 6:56 | Create | Villager (Male) |
| 6:56 | Create | Villager (Male) |
| 7:36 | Build | Mining Camp |
| 8:09 | Build | Farm |
| 8:11 | Build | Farm |
| 8:21 | Research | Feudal Age |
| 8:51 | Create | Villager (Male) |
| 8:52 | Create | Villager (Male) |
| 9:36 | Build | Palisade Wall |
| 9:37 | Build | Palisade Wall |
| 9:41 | Build | Palisade Wall |
| 9:42 | Build | Palisade Wall |
| 9:43 | Build | Palisade Wall |
| 10:31 | Age | Feudal Age |
| 10:34 | Build | Blacksmith |
| 10:36 | Build | Market |
| 11:23 | Research | Castle Age |
| 11:48 | Research | Double-Bit Axe |
| 12:26 | Build | Barracks |
| 12:59 | Create | Villager (Male) |
| 13:32 | Create | Villager (Male) |
| 14:03 | Age | Castle Age |
| 14:04 | Create | Fire Lancer |
| 14:04 | Create | Fire Lancer |
| 14:11 | Build | Town Center |
| 14:20 | Build | Town Center |
| 14:42 | Build | House |
| 14:46 | Build | Farm |
| 14:51 | Create | Villager (Male) |
| 14:58 | Build | Farm |
| 15:06 | Create | Villager (Male) |
| 15:26 | Build | Farm |
| 15:26 | Create | Villager (Male) |
| 15:33 | Create | Villager (Male) |
| 15:36 | Create | Villager (Male) |
| 15:40 | Create | Villager (Male) |
| 15:44 | Create | Villager (Male) |
| 15:51 | Build | Farm |
| 16:01 | Build | Farm |
| 16:01 | Create | Villager (Male) |
| 16:15 | Create | Villager (Male) |
| 16:25 | Create | Villager (Male) |
| 16:28 | Create | Villager (Male) |
| 16:31 | Build | Farm |
| 16:33 | Build | House |
| 16:34 | Build | House |
| 16:36 | Create | Villager (Male) |
| 16:46 | Create | Villager (Male) |
| 16:53 | Build | Farm |
| 16:56 | Create | Villager (Male) |
| 16:58 | Create | Villager (Male) |
| 17:02 | Build | Farm |
| 17:04 | Create | Villager (Male) |
| 17:20 | Create | Villager (Male) |
| 17:24 | Build | Farm |
| 17:25 | Create | Villager (Male) |
| 17:31 | Build | Farm |
| 17:32 | Create | Villager (Male) |
| 17:36 | Create | Villager (Male) |
| 17:36 | Create | Villager (Male) |
| 17:41 | Build | House |
| 17:49 | Create | Villager (Male) |
| 17:52 | Build | Farm |
| 18:01 | Create | Villager (Male) |
| 18:05 | Build | Farm |
| 18:13 | Build | Farm |
| 18:13 | Create | Villager (Male) |
| 18:17 | Build | Farm |
| 18:23 | Build | Farm |
| 18:24 | Create | Villager (Male) |
| 18:32 | Create | Villager (Male) |
| 18:40 | Create | Villager (Male) |
| 18:43 | Build | Farm |
| 18:44 | Build | Farm |
| 18:49 | Create | Villager (Male) |
| 18:55 | Build | Farm |
| 18:56 | Build | Farm |
| 18:59 | Build | Farm |
| 19:12 | Research | Bow Saw |
| 19:13 | Create | Villager (Male) |
| 19:14 | Create | Villager (Male) |
| 19:21 | Build | House |
| 19:26 | Create | Villager (Male) |
| 19:29 | Build | Farm |
| 19:35 | Create | Fire Lancer |
| 19:36 | Create | Villager (Male) |
| 19:39 | Build | Farm |
| 19:40 | Create | Villager (Male) |
| 19:44 | Build | House |
| 19:44 | Build | House |
| 19:52 | Create | Villager (Male) |
| 19:58 | Build | Farm |
| 20:00 | Build | Farm |
| 20:00 | Create | Villager (Male) |
| 20:09 | Create | Villager (Male) |
| 20:13 | Build | House |
| 20:19 | Build | Barracks |
| 20:20 | Create | Villager (Male) |
| 20:22 | Build | House |
| 20:24 | Create | Villager (Male) |
| 20:26 | Build | Farm |
| 20:29 | Create | Villager (Male) |
| 20:33 | Create | Fire Lancer |
| 20:43 | Create | Villager (Male) |
| 20:46 | Build | House |
| 20:46 | Build | House |
| 20:48 | Create | Fire Lancer |
| 20:50 | Research | Squires |
| 20:53 | Research | Scale Mail Armor |
| 20:56 | Build | Farm |
| 21:04 | Create | Villager (Male) |
| 21:12 | Research | Loom |
| 21:13 | Create | Villager (Male) |
| 21:18 | Build | Barracks |
| 21:23 | Create | Villager (Male) |
| 21:29 | Create | Fire Lancer |
| 21:29 | Create | Fire Lancer |
| 21:30 | Create | Villager (Male) |
| 21:36 | Create | Villager (Male) |
| 21:48 | Build | Siege Workshop |
| 21:51 | Create | Fire Lancer |
| 21:51 | Create | Fire Lancer |
| 21:52 | Create | Villager (Male) |
| 21:57 | Create | Villager (Male) |
Match timeline
| 3:01 | Buzzplash · wall_segment Palisade Wall x11 |
| 4:40 | Buzzplash · wall_segment Palisade Wall x11 |
| 5:53 | Buzzplash · wall_segment Palisade Wall x7 |
| 6:54 | Buzzplash · wall_segment Palisade Wall x12 |
| 7:42 | chrizbee · first_building Barracks |
| 7:44 | Buzzplash · wall_segment Palisade Wall x1 |
| 7:49 | Vicky R · first_building Barracks |
| 7:55 | Vicky R · wall_segment Palisade Wall x7 |
| 7:59 | [o.p.]Rage_Boy · first_building Barracks |
| 8:49 | Buzzplash · first_building Barracks |
| 8:59 | [o.p.]Oliver_Khan · age_up feudal |
| 9:02 | [o.p.]Oliver_Khan · wall_segment Stone Wall x10 |
| 9:07 | [o.p.]Oliver_Khan · wall_segment Stone Wall x20 |
| 9:11 | Vicky R · wall_segment Palisade Wall x5 |
| 9:14 | [o.p.]Oliver_Khan · wall_segment Stone Wall x19 |
| 9:15 | Vicky R · age_up feudal |
| 9:17 | [o.p.]Rage_Boy · age_up feudal |
| 9:17 | maki · age_up feudal |
| 9:18 | [o.p.]Rage_Boy · first_building Stable |
| 9:22 | Buzzplash · age_up feudal |
| 9:26 | maki · wall_segment Stone Wall x28 |
| 9:26 | chrizbee · wall_segment Palisade Wall x5 |
| 9:29 | Vicky R · wall_segment Palisade Wall x4 |
| 9:36 | LM | MaisterNippon · wall_segment Palisade Wall x1 |
| 9:37 | LM | MaisterNippon · wall_segment Palisade Wall x1 |
| 9:39 | Vicky R · wall_segment Palisade Wall x12 |
| 9:39 | chrizbee · age_up feudal |
| 9:40 | Vicky R · wall_segment Palisade Wall x1 |
| 9:41 | LM | MaisterNippon · wall_segment Palisade Wall x1 |
| 9:42 | LM | MaisterNippon · wall_segment Palisade Wall x1 |
| 9:42 | chrizbee · first_building Stable |
| 9:43 | LM | MaisterNippon · wall_segment Palisade Wall x1 |
| 9:48 | Buzzplash · first_building Stable |
| 10:02 | Rangerontour · age_up feudal |
| 10:04 | Rangerontour · wall_segment Stone Wall x12 |
| 10:09 | Rangerontour · wall_segment Stone Wall x21 |
| 10:27 | [o.p.]Oliver_Khan · wall_segment Stone Wall x1 |
| 10:27 | Vicky R · wall_segment Palisade Wall x7 |
| 10:31 | LM | MaisterNippon · age_up feudal |
| 10:37 | Vicky R · wall_segment Palisade Wall x9 |
| 10:38 | Buzzplash · wall_segment Stone Wall x3 |
| 10:43 | Vicky R · wall_segment Palisade Wall x16 |
| 11:36 | Vicky R · first_building Archery Range |
| 11:40 | Vicky R · wall_segment Palisade Wall x1 |
| 11:41 | Vicky R · wall_segment Palisade Wall x1 |
| 11:42 | Vicky R · wall_segment Palisade Wall x1 |
| 11:46 | Vicky R · wall_segment Palisade Wall x1 |
| 11:49 | Buzzplash · wall_segment Stone Wall x6 |
| 11:52 | Buzzplash · wall_segment Stone Wall x3 |
| 11:53 | Buzzplash · wall_segment Stone Wall x6 |
| 12:03 | Vicky R · wall_segment Palisade Wall x3 |
| 12:13 | Vicky R · wall_segment Palisade Wall x6 |
| 12:18 | Vicky R · wall_segment Palisade Wall x6 |
| 12:26 | LM | MaisterNippon · first_building Barracks |
| 12:32 | Vicky R · wall_segment Palisade Wall x1 |
| 12:52 | Vicky R · wall_segment Stone Wall x8 |
| 13:10 | Vicky R · wall_segment Stone Wall x10 |
| 13:15 | Vicky R · wall_segment Stone Wall x4 |
| 13:17 | Vicky R · wall_segment Stone Wall x8 |
| 13:31 | Vicky R · wall_segment Stone Wall x1 |
| 13:32 | Buzzplash · wall_segment Stone Wall x11 |
| 14:03 | LM | MaisterNippon · age_up castle |
| 14:13 | maki · first_market_sell 100 stone |
| 14:16 | Vicky R · wall_segment Stone Wall x6 |
| 14:25 | Vicky R · wall_segment Stone Wall x5 |
| 14:54 | Vicky R · wall_segment Stone Wall x3 |
| 14:55 | LM | MaisterNippon · first_market_buy 100 food |
| 14:57 | Rangerontour · age_up castle |
| 15:08 | Rangerontour · first_market_buy 100 stone |
| 15:27 | Vicky R · wall_segment Stone Wall x3 |
| 15:29 | Vicky R · wall_segment Stone Wall x4 |
| 15:31 | [o.p.]Oliver_Khan · first_market_sell 100 stone |
| 15:31 | [o.p.]Oliver_Khan · first_market_buy 100 wood |
| 15:55 | Vicky R · wall_segment Stone Wall x13 |
| 16:26 | Vicky R · wall_segment Stone Wall x4 |
| 16:50 | Vicky R · wall_segment Stone Wall x4 |
| 16:52 | Vicky R · wall_segment Stone Wall x5 |
| 17:02 | maki · age_up castle |
| 17:07 | [o.p.]Oliver_Khan · age_up castle |
| 17:19 | maki · first_market_buy 100 stone |
| 17:47 | chrizbee · wall_segment Stone Wall x1 |
| 17:48 | chrizbee · wall_segment Stone Wall x1 |
| 17:49 | chrizbee · wall_segment Stone Wall x1 |
| 17:50 | chrizbee · wall_segment Stone Wall x1 |
| 18:47 | [o.p.]Rage_Boy · age_up castle |
| 18:49 | Vicky R · wall_segment Stone Wall x2 |
| 18:58 | Buzzplash · age_up castle |
| 19:04 | Vicky R · first_market_buy 100 food |
| 19:24 | Vicky R · first_market_sell 500 wood |
| 19:55 | [o.p.]Rage_Boy · first_market_buy 100 stone |
| 21:05 | chrizbee · age_up castle |
| 21:19 | chrizbee · first_market_sell 100 wood |
| 21:47 | Rangerontour · first_building Monastery |
| 21:48 | LM | MaisterNippon · first_building Siege Workshop |
| 22:17 | maki · first_building Monastery |
| 22:36 | Vicky R · age_up castle |
| 22:47 | maki · first_building Barracks |
| 23:03 | Rangerontour · wall_segment Stone Wall x13 |
| 23:11 | Rangerontour · wall_segment Stone Wall x5 |
| 23:11 | Vicky R · first_building Castle |
| 23:31 | LM | MaisterNippon · first_market_sell 100 wood |
| 23:36 | Buzzplash · first_building Monastery |
| 23:41 | [o.p.]Oliver_Khan · first_building Monastery |
| 24:00 | [o.p.]Rage_Boy · first_building Siege Workshop |
| 24:22 | Vicky R · first_building Siege Workshop |
| 24:26 | maki · first_building Siege Workshop |
| 24:30 | [o.p.]Oliver_Khan · wall_segment Stone Wall x17 |
| 24:37 | [o.p.]Rage_Boy · first_building Castle |
| 24:54 | maki · first_building Castle |
| 25:00 | Rangerontour · first_market_sell 100 wood |
| 25:07 | Rangerontour · first_building Castle |
| 25:23 | [o.p.]Oliver_Khan · first_building Barracks |
| 26:04 | Buzzplash · first_building Castle |
| 26:31 | LM | MaisterNippon · first_building Castle |
| 26:48 | Rangerontour · wall_segment Stone Wall x3 |
| 26:50 | [o.p.]Oliver_Khan · first_building Archery Range |
| 26:51 | Rangerontour · first_building Siege Workshop |
| 27:03 | [o.p.]Oliver_Khan · wall_segment Stone Wall x14 |
| 27:06 | Buzzplash · first_market_buy 100 food |
| 27:18 | [o.p.]Oliver_Khan · wall_segment Palisade Wall x1 |
| 27:24 | chrizbee · first_market_buy 100 stone |
| 27:29 | [o.p.]Oliver_Khan · first_building Stable |
| 28:22 | chrizbee · first_building Krepost |
| 28:58 | [o.p.]Oliver_Khan · age_up imperial |
| 29:12 | [o.p.]Oliver_Khan · first_building Castle |
| 29:45 | [o.p.]Oliver_Khan · wall_segment Stone Wall x34 |
| 29:56 | [o.p.]Oliver_Khan · wall_segment Stone Wall x20 |
| 30:28 | Rangerontour · wall_segment Stone Wall x1 |
| 30:30 | Rangerontour · wall_segment Stone Wall x1 |
| 30:35 | [o.p.]Oliver_Khan · wall_segment Stone Wall x4 |
| 30:50 | maki · age_up imperial |
| 30:53 | Buzzplash · age_up imperial |
| 31:09 | [o.p.]Oliver_Khan · first_building Siege Workshop |
| 31:32 | Vicky R · wall_segment Palisade Wall x1 |
| 31:34 | Vicky R · wall_segment Palisade Wall x1 |
| 31:35 | Vicky R · wall_segment Palisade Wall x1 |
| 31:44 | Vicky R · wall_segment Palisade Wall x1 |
| 31:47 | Vicky R · wall_segment Palisade Wall x1 |
| 31:56 | Vicky R · wall_segment Palisade Wall x1 |
| 31:57 | Vicky R · wall_segment Palisade Wall x1 |
| 32:17 | Buzzplash · first_market_sell 100 food |
| 32:49 | maki · first_building Archery Range |
| 33:11 | [o.p.]Oliver_Khan · wall_segment Stone Wall x3 |
| 33:19 | Rangerontour · first_building Barracks |
| 33:21 | [o.p.]Oliver_Khan · wall_segment Stone Wall x1 |
| 34:16 | [o.p.]Rage_Boy · age_up imperial |
| 34:17 | chrizbee · first_building Castle |
| 35:02 | Rangerontour · first_building Stable |
| 35:06 | Rangerontour · age_up imperial |
| 35:50 | [o.p.]Rage_Boy · first_market_sell 100 stone |
| 35:55 | chrizbee · age_up imperial |
| 37:27 | maki · wall_segment Stone Wall x10 |
| 37:48 | Vicky R · wall_segment Stone Wall x1 |
| 38:02 | Buzzplash · wall_segment Stone Wall x13 |
| 38:04 | Buzzplash · wall_segment Stone Wall x10 |
| 38:14 | LM | MaisterNippon · resign |
[ AI ANALYSIS · 1 CREDIT ]
What really happened in this match?
Wolo.gg analyzes every decision: build order, eco, micro, common mistakes by bracket. Personalized analysis on WhatsApp or Discord in 30 seconds.
Civ guide
Poles
Perfil
Buzzplash